 Dungeon Crawl Stone Soup version 0.27-a0-1137-g3ef0f4ec91 (webtiles) character file.

Game seed: 15686399997234139778

486 HoaS the Twirler (level 7, -1/60 HPs)
             Began as a Gargoyle Gladiator on May 6, 2021.
             Slain by an orc
             ... wielding a +0 mace
              (5 damage)
             ... on level 4 of the Dungeon.
             The game lasted 00:10:05 (2869 turns).

HoaS the Twirler (Gargoyle Gladiator)               Turns: 2869, Time: 00:10:06

Health: -1/60      AC: 14    Str: 19    XL:     7   Next: 13%
Magic:  7/7        EV: 11    Int:  9    God:
Gold:   166        SH:  0    Dex: 11    Spells: 6/6 levels left

rFire    . . .     SeeInvis .   a - +1 quarterstaff
rCold    . . .     Faith    .   (shield currently unavailable)
rNeg     + . .     Spirit   .   m - +4 ring mail
rPois    ∞         Reflect  .   c - +0 helmet
rElec    +         Harm     .   (no cloak)
rCorr    .         Rampage  .   (no gloves)
Will     .....                  (no boots)
Stlth    ..........             (no amulet)
HPRegen  0.20/turn              (no ring)
MPRegen  0.10/turn              (no ring)

@: berserking, very quick
A: sickness immunity, AC +4, negative energy resistance 1, electricity
resistance, torment resistance 1, unbreathing 1, petrification resistance
a: no special abilities


You were on level 4 of the Dungeon.
You visited 1 branch of the dungeon, and saw 4 of its levels.

You collected 166 gold pieces.

Inventory:

Hand Weapons
 a - a +1 quarterstaff (weapon)
 n - a +0 shortbow
Missiles
 d - 3 throwing nets (quivered)
 i - 16 poisoned darts
 l - 25 arrows
Armour
 c - a +0 helmet (worn)
 m - a +4 ring mail (worn)
Scrolls
 f - 2 scrolls of fog
 j - a scroll of enchant armour {unknown}
 k - a scroll of teleportation {unknown}
 o - a scroll of holy word {unknown}
 q - a scroll of blinking {unknown}
Potions
 b - 2 potions of berserk rage
 e - a potion of magic {unknown}
 g - a potion of heal wounds {unknown}
 h - a potion of lignification {unknown}
 p - a potion of cancellation {unknown}


   Skills:
 - Level 2.1 Fighting
 + Level 7.9 Staves
 - Level 1.7 Throwing
 - Level 2.4 Dodging


You had 6 spell levels left.
You didn't know any spells.
Your spell library contained the following spells:

 Spells                   Type           Power      Damage    Failure   Level
 Animate Skeleton         Necr           0%         N/A       56%         1
 Apportation              Tloc           0%         N/A       56%         1
 Corona                   Hex            0%         N/A       56%         1
 Freeze                   Ice            0%         1d3       56%         1
 Magic Dart               Conj           0%         1d3       56%         1
 Summon Small Mammal      Summ           0%         N/A       56%         1
 Blink                    Tloc           N/A        N/A       71%         2
 Call Imp                 Summ           0%         N/A       71%         2
 Slow                     Hex            0%         N/A       71%         2
 Confusing Touch          Hex            0%         N/A       91%         3
 Conjure Flame            Conj/Fire      0%         6-21      91%         3
 Frozen Ramparts          Ice            0%         1d2       91%         3
 Gell's Gravitas          Tloc           0%         N/A       91%         3
 Mephitic Cloud           Conj/Pois/Air  0%         N/A       91%         3
 Ozocubu's Armour         Ice            0%         N/A       91%         3
 Hailstorm                Conj/Ice       0%         3d3       100%        4
 Petrify                  Tmut/Erth      0%         N/A       100%        4
 Metabolic Englaciation   Hex/Ice        0%         N/A       100%        5
 Yara's Violent Unravell  Hex/Tmut       0%         3d3       100%        5


Dungeon Overview and Level Annotations

Branches:
Dungeon (4/15)
 Temple: D:4-7

Altars:
Zin

Annotations:
D:4 2 transporters


Innate Abilities, Weirdness & Mutations

You are immune to sickness and miasma.
Your stone body is resilient. (AC +4)
You are immune to poison.
You resist negative energy. (rN+)
You are resistant to electric shocks. (rElec)
You are resistant to unholy torment.
You can survive without breathing.
You are immune to petrification.


Message History

You now have 166 gold pieces (gained 6).
An orc comes into view. It is wielding a +0 flail.
The orc shouts!
An orc comes into view. It is wielding a +0 mace.
There are monsters nearby!
There are monsters nearby!
There are monsters nearby!
A giant cockroach and an orc priest come into view.
The orc shouts!
The orc priest shouts!
The orc priest calls down the wrath of Beogh upon you.
Beogh smites you!
You are too injured to fight recklessly!
You are too injured to fight recklessly!
The orc priest calls down the wrath of Beogh upon you.
Beogh smites you!
* * * LOW HITPOINT WARNING * * *
A red film seems to cover your vision as you go berserk!
You feel yourself moving faster!
You feel mighty!
The giant cockroach bites you but does no damage.
You closely miss the giant cockroach. The orc hits you but does no damage.
You sock the giant cockroach!
You kill the giant cockroach!
The orc hits you but does no damage.
You closely miss the orc priest. The orc closely misses you.
You sock the orc priest!
The orc priest is severely wounded.
The orc priest hits you but does no damage.
The orc hits you with a +0 mace.
* * * LOW HITPOINT WARNING * * *
The orc hits you but does no damage.
You closely miss the orc priest.
The orc priest is severely wounded.
The orc priest mumbles some strange prayers to Beogh against you.
Beogh smites you!
* * * LOW HITPOINT WARNING * * *
You thump the orc priest!
You kill the orc priest!
The orc closely misses you. The orc misses you.
The orc hits you with a +0 mace.
You die...

###### ###....## ##.......#
.........## ...................
.....>............######
.................#.....##
........#......o@o......#
......##....#.......... ....###.
#.......... ######...##
##....8.... #......†..##
#................. #.....8....##
#................. #...........##
##................
#...8.8.8....####................
#................................


You could see 2 orcs.

Vanquished Creatures
  A centaur (D:3)
  A hound (D:3)
  3 orc priests
  A gnoll shaman (D:3)
  Natasha (thrice) (D:4)
  An iguana (D:2)
  5 gnolls
  3 adders (D:2)
  An adder skeleton (D:4)
  2 worms
  A dart slug (D:1)
  8 orcs
  8 ball pythons
  4 endoplasms
  5 giant cockroaches
  3 goblins (D:3)
  2 hobgoblins (D:2)
  2 jackals (D:4)
  5 quokkas
  6 bats
  3 frilled lizards
  6 kobolds
  7 rats
81 creatures vanquished.

Vanquished Creatures (others)
  A bat (D:3)
1 creature vanquished.

Grand Total: 82 creatures vanquished

Notes
Turn   | Place    | Note
-------+----------+-------------------------------------------
     0 | D:1      | HoaS the Gargoyle Gladiator began the quest for the Orb.
     0 | D:1      | Reached XP level 1. HP: 12/12 MP: 1/1
   276 | D:1      | Reached XP level 2. HP: 15/17 MP: 2/2
   926 | D:2      | Reached skill level 4 in Staves
   990 | D:2      | Reached XP level 3. HP: 21/21 MP: 3/3
  1073 | D:2      | Reached XP level 4. HP: 25/26 MP: 4/4
  1387 | D:2      | Reached skill level 5 in Staves
  1907 | D:3      | Noticed a centaur
  2061 | D:3      | Killed a centaur
  2062 | D:3      | Reached skill level 6 in Staves
  2062 | D:3      | Reached XP level 5. HP: 29/30 MP: 5/5
  2138 | D:3      | Reached XP level 6. HP: 31/35 MP: 6/6
  2316 | D:3      | Reached skill level 7 in Staves
  2622 | D:4      | Noticed Natasha
  2628 | D:4      | Killed Natasha
  2719 | D:4      | Found a transporter.
  2742 | D:4      | Found a glowing silver altar of Zin.
  2742 | D:4      | Found a transporter.
  2748 | D:4      | Noticed a vampire mosquito
  2748 | D:4      | Noticed a shadow
  2778 | D:4      | Noticed Natasha
  2786 | D:4      | Killed Natasha
  2827 | D:4      | Noticed Natasha
  2840 | D:4      | Killed Natasha
  2841 | D:4      | Reached XP level 7. HP: 29/40 MP: 7/7
  2867 | D:4      | HP: 3/60 [orc priest/divine providence (11)]
  2869 | D:4      | Slain by an orc

Illustrated notes

Levels and vault maps discovered:
D:1:      lightli_arrival_statuegarden, layout_basic
D:2:      layout_basic
D:3:      layout_rooms
D:4:      layout_cave_pods, gammafunk_temple_overflow_arena,
          serial_column_ruins, column_ruins_hut, column_ruins_square_huge,
          column_ruins_grid_1, column_ruins_open_small_water,
          column_ruins_corridor_T, column_ruins_open_large, grunt_ministairs_15,
          minmay_manual_monstrance, uniq_natasha, uniq_pikel

Skill      XL: |  1  2  3  4  5  6 |
---------------+-------------------+-----
Staves         | 4 6 7 |  7.9
Fighting       | |  2.1
Throwing       | |  1.7
Dodging        | |  2.4

Action                   |  1- 3 |  4- 6 |  7- 9 || total
-------------------------+-------+-------+-------++-------
Melee: Quarterstaff      |    59 |   180 |     6 ||   245
Throw: Dart              |       |     9 |       ||     9
       Throwing net      |       |     1 |       ||     1
  Use: Scroll            |     2 |     3 |       ||     5
       Potion            |       |       |     1 ||     1
Armor: Leather armour    |     4 |       |       ||     4
       Ring mail         |    24 |    97 |     5 ||   126
       Chain mail        |     1 |    20 |       ||    21
Dodge: Dodged            |    36 |   145 |     3 ||   184

Table legend: (Time is in decaauts)
 A = Elapsed time spent in this place.
 B = Non-inter-level travel time spent in this place.
 C = Inter-level travel time spent in this place.
 D = Time resting spent in this place.
 E = Time spent auto-exploring this place.
 F = Levels seen in this place.
 G = Mean time per level.
                   A        B        C        D        E       F      G
               +--------+--------+--------+--------+--------+-----+--------+
         Total |   2891 |   2720 |    171 |    472 |   1627 |   4 |  722.8 |
       Dungeon |   2891 |   2720 |    171 |    472 |   1627 |   4 |  722.8 |
               +--------+--------+--------+--------+--------+-----+--------+

Top non-repeatable levels by time:
     D:2: 1319 daAuts
     D:1: 825 daAuts
     D:3: 486 daAuts
     D:4: 259 daAuts
